Cogmind - Beta 10.2 @@@ ROGUE MODE // 2022.02.22 @ 06:32:22 Player: woegarden Result: Destroyed by as-15090 with Assembled Rifle Performance ------------- Evolutions (1) 500 Regions Visited (3) 600 Robots Destroyed (16) 80 Value Destroyed (344) 344 Prototype IDs (2) 40 Alien Tech Used (0) 0 Bonus (-121) -121 TOTAL SCORE: 1443 Bonus ------- Friendly Fire -121 Cogmind --------- Core Integrity 0/400 Matter 300/300 Energy 94/100 System Corruption 0% Temperature Cool (3) Movement Treading (160) Location -9/Mines Parts ------- > --- POWER (1) -------- (None) > --- PROPULSION (3) --- Light Treads Light Treads Light Treads > --- UTILITY (2) ------ Small Storage Unit > --- WEAPON (3) ------- (None) > --- INVENTORY (6) ---- (None) Peak State ------------ > --- POWER ------------ Ion Engine > --- PROPULSION ------- Improved Aluminum Leg Improved Aluminum Leg Improved Aluminum Leg > --- UTILITY ---------- Small Storage Unit Hardened Light Armor Plating > --- WEAPON ----------- Improved EM Shotgun Flail Heavy Hammer > --- INVENTORY -------- Ion Engine Light Treads Light Treads EM Pulse Gun Small Laser Particle Gun [Rating: 17] Favorites ----------- Power Ion Engine Engine Ion Engine Propulsion Aluminum Leg Treads Light Treads Leg Aluminum Leg Hover Unit Improved Hover Unit Utility Small Storage Unit Storage Small Storage Unit Protection Hardened Light Armor Plating Weapon Light Assault Rifle Energy Gun Improved EM Shotgun Energy Cannon Advanced Beam Cannon Ballistic Gun Light Assault Rifle Impact Weapon Flail Build | -11 -10 -9 -9 ------- Run | Scr Mat Mat Min Slots Evolved 2 | . . 2 . Power . | . . . . Propulsion 1 | . . 1 . Utility . | . . . . Weapon 1 | . . 1 . Parts Attached 27 | 5 3 14 5 Power 4 | 1 1 1 1 Engine 4 | 1 1 1 1 Core . | . . . . Reactor . | . . . . Propulsion 12 | 2 . 7 3 Treads 4 | . . 1 3 Leg 7 | 2 . 5 . Wheel . | . . . . Hover 1 | . . 1 . Flight . | . . . . Utility 3 | 1 . 2 . Device . | . . . . Storage 1 | 1 . . . Processor . | . . . . Hackware . | . . . . Protection 2 | . . 2 . Artifact . | . . . . Weapon 8 | 1 2 4 1 Energy Gun 3 | . 2 1 . Energy Cannon 1 | . . . 1 Ballistic Gun 1 | 1 . . . Ballistic Cannon . | . . . . Launcher . | . . . . Special Weapon . | . . . . Impact Weapon 3 | . . 3 . Slashing Weapon . | . . . . Piercing Weapon . | . . . . Special Melee Weapon . | . . . . Unidentified Prototypes 2 | . . 1 1 Parts Lost 13 | . 2 1 10 Power 3 | . 1 . 2 Propulsion 3 | . . . 3 Utility 1 | . . . 1 Weapon 6 | . 1 1 4 Highest Loss Streak 10 | . 1 1 10 Average Slot Usage (%) 85 | . 78 91 86 Engine 10 | . 12 11 8 Treads 1 | . . . 6 Leg 27 | . 28 28 24 Hover 1 | . . 3 . Storage 12 | . 14 11 11 Protection 6 | . . 9 8 Energy Gun 7 | . 9 6 7 Ballistic Gun 6 | . 14 3 . Impact Weapon 11 | . . 17 17 Naked Turns . | . . . . Heaviest Build 23 | 10 13 22 23 Greatest Support 60 | 20 20 39 60 Greatest Overweight (x) 2 | . . 2 1 Average Overweight (x) . | . . . . Largest Inventory Capacity 6 | 6 6 6 6 Average Capacity 5 | 5 6 6 6 Most Carried 6 | 5 6 6 5 Average Carried 4 | 4 4 5 3 Final Capacity 6 | 6 6 6 6 Final Carried 6 | 5 6 5 . Class Distribution -------------------- 100% | Mutant Dominant Class ---------------- Mutant | -10/Materials Mutant | -9/Materials Mutant | -9/Mines Resources | -11 -10 -9 -9 ----------- Run | Scr Mat Mat Min Matter Collected 462 | 263 20 158 21 Remotely . | . . . . Salvage Created 637 | 88 221 180 148 Parts 34 | 6 15 12 1 Haulers Intercepted 1 | . . 1 . Recyclers Shooed . | . . . . Parts Field Recycled . | . . . . Retrieved Matter . | . . . . Parts Self-Destructed . | . . . . Prevented . | . . . . Kills | -11 -10 -9 -9 ------- Run | Scr Mat Mat Min Combat Hostiles Destroyed 9 | . 5 2 2 Melee 1 | . . 1 . Guns 8 | . 5 1 2 Classes Destroyed 7 | 2 2 2 1 Worker 3 | 2 . 1 . Hauler 1 | . . 1 . Recycler 2 | 1 . . 1 Operator 2 | . 1 1 . Grunt 6 | . 5 1 . Sentry 1 | . . 1 . Assembled 2 | . . . 2 Thug 1 | . . . 1 Best Kill Streak 3 | 2 3 2 3 Combat Bots Only 3 | . 3 1 2 Max Kills in Single Turn 2 | 1 1 1 2 Gunslinging . | . . . . Exploded . | . . . . Melee 1 | . . 1 . Uniques/NPCs Destroyed . | . . . . Combat | -11 -10 -9 -9 -------- Run | Scr Mat Mat Min Damage Taken 2185 | . 380 600 1205 Core 503 | . 102 65 336 Absorbed by Shields . | . . . . Core Remaining (%) 79 | 100 59 . . Volleys Fired 61 | 13 24 16 8 Largest 2 | 1 2 1 1 Hottest 85 | 20 85 45 68 Shots Fired 78 | 13 41 16 8 Gun 73 | 13 41 16 3 Cannon 5 | . . . 5 Launcher . | . . . . Special . | . . . . Kinetic 48 | 13 24 11 . Thermal 17 | . 12 . 5 Explosive . | . . . . Electromagnetic 13 | . 5 5 3 Robot Hit Streak 8 | 5 6 8 3 Robot Miss Streak 3 | 2 3 2 2 Penetration Max . | . . . . Secondary Targets 1 | . 1 . . Max Gunslinging Chain 1 | . 1 . . Shots Hit Robots 56 | 8 24 18 6 Core Hits 33 | 5 13 9 6 Critical Hits 2 | . . . 2 Critical Kills 2 | . . . 2 Critical Parts Destroyed . | . . . . Melee Attacks 9 | . . 8 1 Impact 9 | . . 8 1 Slashing . | . . . . Piercing . | . . . . Sneak Attacks 3 | . . 3 . Combat Hostiles . | . . . . Follow-up Attacks . | . . . . Damage Inflicted 932 | 70 311 405 146 Guns 538 | 70 271 156 41 Cannons 103 | . . . 103 Explosions 54 | . 31 23 . Melee 226 | . . 226 . Ramming 11 | . 9 . 2 Kinetic 224 | 70 102 52 . Thermal 271 | . 145 23 103 Explosive . | . . . . Electromagnetic 200 | . 55 104 41 Impact 226 | . . 226 . Slashing . | . . . . Piercing . | . . . . Highest Corruption 1 | . 1 . . Average Corruption 1 | . 1 . . Corruption Purged . | . . . . Effects 1 | . 1 . . Data Loss (minor) 1 | . 1 . . Overload Shots . | . . . . Overflow Damage 60 | . . 60 . Projectiles . | . . . . Explosions . | . . . . Melee 60 | . . 60 . Knockbacks 1 | . . 1 . Impact 1 | . . 1 . Kinetic . | . . . . Secondary . | . . . . Self-Inflicted Damage 65 | . 39 26 . Shots 2 | . 1 1 . Rammed 6 | . 3 . 3 Targets Rammed 6 | . 3 . 3 Kicked . | . . . . Crushed . | . . . . Highest Temperature 102 | . 102 28 32 Average Temperature 29 | . 39 10 14 Received Heat Transfer 412 | . 195 177 40 Siege Activations . | . . . . Robots Corrupted . | . . . . Combat Hostiles . | . . . . Parts Fried 7 | . . 5 2 Impact Corruptions 3 | . . 3 . Robots Melted . | . . . . Combat Hostiles . | . . . . Parts Melted . | . . . . Heat Transferred 544 | . 309 50 185 Parts Sabotaged . | . . . . Parts Stolen . | . . . . Parts Stripped . | . . . . Power Chain Reactions 2 | . 1 1 . Missiles Intercepted . | . . . . Alert | -11 -10 -9 -9 ------- Run | Scr Mat Mat Min Peak Influence 217 | 15 144 217 26 Initial 60 | . 9 60 6 Average 69 | 2 67 122 4 Maximum Alert Level 1 | . . 1 . Low Security (%) 97 | 100 100 93 100 Level 1 2 | . . 6 . Level 2 . | . . . . Level 3 . | . . . . Level 4 . | . . . . Level 5 . | . . . . High Security . | . . . . Max Security . | . . . . Squads Dispatched 4 | . 3 1 . Investigation 1 | . 1 . . Extermination . | . . . . Reinforcement 3 | . 2 1 . Assault . | . . . . Garrison . | . . . . Intercept . | . . . . Construction Impeded . | . . . . Haulers Reinforced . | . . . . Stealth | -11 -10 -9 -9 --------- Run | Scr Mat Mat Min Distress Signals . | . . . . Communications Jammed . | . . . . Distress Signals . | . . . . Times Spotted 33 | . 9 10 14 Peak Tracking Total 14 | . 4 6 14 Tactical Retreats 2 | . . . 2 Traps | -11 -10 -9 -9 ------- Run | Scr Mat Mat Min Traps Triggered 1 | . 1 . . Indirectly . | . . . . Trap Hack Attempts . | . . . . Triggered . | . . . . Disarmed . | . . . . Reprogrammed . | . . . . Reused . | . . . . Traps Extracted . | . . . . Installed . | . . . . Triggered . | . . . . Machines | -11 -10 -9 -9 ---------- Run | Scr Mat Mat Min Machines Disabled 2 | . 1 . 1 Max in Single Turn 1 | . 1 . . Machines Sabotaged . | . . . . Garrisons Compromised . | . . . . Overloaded Fab Kills . | . . . . Fab Network Shutdowns . | . . . . Hacking | -11 -10 -9 -9 --------- Run | Scr Mat Mat Min Machines Accessed 1 | . . 1 . Terminals 1 | . . 1 . Fabricators . | . . . . Repair Stations . | . . . . Recycling Units . | . . . . Scanalyzers . | . . . . Garrison Access . | . . . . Total Hacks 1 | . . 1 . Successful 1 | . . 1 . Failed . | . . . . Catastrophic . | . . . . Database Lockouts . | . . . . Manual . | . . . . Terminals 1 | . . 1 . Fabricators . | . . . . Repair Stations . | . . . . Recycling Units . | . . . . Scanalyzers . | . . . . Garrison Access . | . . . . Terminal Hacks 1 | . . 1 . Record 1 | . . 1 . Fabricator Hacks . | . . . . Repair Station Hacks . | . . . . Recycling Unit Hacks . | . . . . Scanalyzer . | . . . . Garrison Access Hacks . | . . . . Unauthorized Hacks . | . . . . Terminals . | . . . . Fabricators . | . . . . Repair Stations . | . . . . Recycling Units . | . . . . Scanalyzers . | . . . . Garrison Access . | . . . . Data Cores Recovered . | . . . . Used . | . . . . Hacking Detections 1 | . . 1 . Full Trace Events . | . . . . Feedback Events . | . . . . Feedback Blocked . | . . . . Robot Schematics Acquired . | . . . . Robots Built . | . . . . Matter . | . . . . Time . | . . . . Total Robot Build Rating . | . . . . Part Schematics Acquired . | . . . . Parts Built . | . . . . Matter . | . . . . Time . | . . . . Total Part Build Rating . | . . . . Parts Repaired . | . . . . Time . | . . . . Parts Recycled . | . . . . Recycled Matter . | . . . . Retrieved Matter . | . . . . Retrieved Components . | . . . . Parts Scanalyzed . | . . . . Part Schematics Acquired . | . . . . Parts Damaged . | . . . . Bothacking | -11 -10 -9 -9 ------------ Run | Scr Mat Mat Min Used RIF Installer . | . . . . Robots Hacked . | . . . . Non-combat . | . . . . Combat . | . . . . Robot Hacks Applied . | . . . . Relay Couplers Released . | . . . . Robots Rewired . | . . . . Allies Hacked . | . . . . Hacks Repelled . | . . . . Allies | -11 -10 -9 -9 -------- Run | Scr Mat Mat Min Total Allies 2 | . . . 2 Largest Group 2 | . . . 2 Highest-Rated Group 47 | . . . 47 Highest-Rated Ally 31 | . . . 31 Total Orders . | . . . . Ally Attacks 7 | . . . 7 Total Damage 83 | . . . 83 Kills 3 | . . . 3 Allies Corrupted . | . . . . Allies Melted . | . . . . Intel | -11 -10 -9 -9 ------- Run | Scr Mat Mat Min Robot Analysis Total . | . . . . Derelict Logs Recovered . | . . . . Drone Launches . | . . . . Drone Recoveries . | . . . . Exploration | -11 -10 -9 -9 ------------- Run | Scr Mat Mat Min Turns Passed 1083 | 122 345 410 206 Spaces Moved 671 | 82 179 269 141 Core 30 | 20 . 10 . Treads 20 | . . . 20 Legs 562 | 62 179 200 121 Wheels . | . . . . Hover 59 | . . 59 . Flight . | . . . . Fastest Speed 50 | 50 120 80 120 Average Speed 121 | 102 120 125 126 Slowest Speed 200 | 120 120 200 160 Overloaded Moves . | . . . . Propulsion Burnouts . | . . . . Robots Hopped . | . . . . Cave-ins Triggered . | . . . . Exploration Rate (%) 31 | 4 44 32 47 Regions Visited 3 Branch Regions 1 Pre-discovered Areas . | . . . . Known Exits Taken . | . . . . Unknown Exits Taken 3 | 1 1 1 . Scrap Searched . | . . . . Spaces Dug . | . . . . Terrain Destroyed 18 | . 12 6 . Melee . | . . . . Projectile . | . . . . AOE 18 | . 12 6 . Terrain Rammed . | . . . . Walls Destroyed . | . . . . Machines Disabled . | . . . . Actions | -11 -10 -9 -9 --------- Run | Scr Mat Mat Min Total 857 | 108 272 319 158 Wait 61 | . 61 . . Move 668 | 81 178 268 141 Hop . | . . . . Pick Up 14 | 9 3 2 . Fast Attach 7 | 1 . 6 . Attach 12 | 4 2 1 5 Detach 1 | . . 1 . Swap 8 | . 1 7 . Drop 11 | . . 11 . Fire 61 | 13 24 16 8 Melee 8 | . . 7 1 Ram . | . . . . Kick 3 | . 3 . . Crush 3 | . . . 3 Escape Stasis . | . . . . Rewire . | . . . . Trap . | . . . . Miscellaneous . | . . . . Route ------- -11/Scrapyard -10/Materials -9/Materials -9/Mines History --------- Turn | Location | Event 22 | -11/Scrapyard | Discovered new exit (range 15) 123 | -11/Scrapyard | Entered Materials 311 | -10/Materials | Build established: Mutant 424 | -10/Materials | Discovered new exit (range 16) 468 | -10/Materials | Entered another Materials area 468 | -9/Materials | Evolved 2 slots: Propulsion x1, Weapon x1 852 | -9/Materials | Discovered new exit (range 7) 878 | -9/Materials | Entered Mines 1005 | -9/Mines | Assembled infested the area 1045 | -9/Mines | Core integrity fell below 50% 1054 | -9/Mines | Core integrity fell below 20% 1077 | -9/Mines | Lost 10 parts (2p3n1u4w) 1084 | -9/Mines | Destroyed by as-15090 with Assembled Rifle Last Messages --------------- 01030_ YE-UKR(g) suffers critical hit. 01030_ YE-UKR(g) destroyed. 01031_ as-70949 destroyed. 01037_ R-06 Scavenger collects Launcher Guidance Computer. 01039_ Ion Engine destroyed. 01041_ K-01 Serf collects debris. 01041_ Imp. Aluminum Leg destroyed. 01041_ Adv. Beam Cannon destroyed. 01042_ Hvy. Hammer destroyed. 01044_ K-01 Serf collects debris. 01046_ Flail destroyed. 01047_ K-01 Serf collects debris. 01048_ Slammed into as-86458. 01049_ R-06 Scavenger collects Imp. Heat Sink. 01050_ Slammed into as-31941. 01050_ K-01 Serf collects debris. 01051_ Acquired 11 matter. 01052_ Slammed into as-31941. 01053_ Acquired 3 matter. 01053_ K-01 Serf collects debris. Map ----- +----------------------------------------------------+ | ?????????????????????????# ## ##??????????? | | ?????????????????????????# ##???#???????????? | | ????????????????????????## ###????????????????? | | ???????????????????????## ##??????????????????? | | ??????????????????????## ##???????????????????? | | ??????????????????????# ##????????????????????? | | ??????????????????????# ##?????????????????????? | | ???????##?????????????# ##??????????????????????? | | ??????## %????########## #???????????????????????? | | ??????# % ??# % # #???????????????????????? | | ??????# % ## % % # #######?????????????????? | | ??????# %% %% ??????????? | | ?????# % % % # #######?????????????????? | | ?????## % # # #???????????????????????? | | ??????## ##?# """ # #???????????????????????? | | ????? %?????# # #???????????????????????? | | ????###???????########## #???????????????????????? | | ???????????????????????# #???????????????????????? | | ???????????????????????# #???????????????????????? | | ???????????????????????# #???????????????????????? | | ???????????????????????# #???????????????????????? | | ???????????????????????# #???????????????????????? | | ???????????????????????# #???????????????????????? | | ???????????????????????#a#???????????????????????? | | ???????????????????????#a###?????????????????????? | | ???????????????????????# @ #?????????????????????? | | ???????????????????????### #????????????????????? | | ?????????????????????????? ##????????????????????? | | ???????????????????????????#?????????????????????? | | ?????????????????????????????????????????????????? | | ?????????????????????????????????????????????????? | | ?????????????????????????????????????????????????? | | ?????????????????????????????????????????????????? | | ?????????????????????????????????????????????????? | | ?????????????????????????????????????????????????? | | ?????????????????????????????????????????????????? | | | | | | | | | | | | | | | | | | | | | | | | | | | | | +----------------------------------------------------+ Best States ------------- Heat Dissipation 28 Energy Generation 10 Energy Capacity 250 Matter Stores 300 Matter Capacity 300 Sight Range 16 Terrain Scan Density 10 Armor Coverage 150 Evasion (%) 50 Recoil Reduction 3 Item Schematics ----------------- None Robot Schematics ------------------ None Fabricated ------------ Nothing Alien Tech Used ----------------- None Achievements -------------- None Challenges ------------ None Game ------ Seed RecoilReactiveFilter Manual? 0 Play Time 00:14:24 Cumulative 28.0 hours Start 2022.02.22 @ 06:19:44 End 2022.02.22 @ 06:32:22 Sessions 1 Manual Loads 0 Difficulty Rogue Special Mode None Game No. 37 Rogue 7 Adventurer 30 Explorer 0 Win Type - Total 0 Types 0/0/0/0/0/0/0/0/0 Lore% 20 Gallery% 27 Achievement% 23 Wizard Run 0 Options --------- ASCII 0 Keyboard 0 Movement Mouse Keybinds 0 Fullscreen 2 Font 16/Proggy Map View 76x50 Tactical HUD 1 Map Filters NONE Filters NONE Steam 1 RUN: adcaaff4-ba15-40c3-b2a2-adba6f49e0a3